 Dungeon Crawl Stone Soup version 0.25-a0-577-ga4619f409e (webtiles) character file.

Game seed: 9875533921486195920, levelgen mode: deterministic

38655 Flugslaktarn the Demolition Dwarf (level 13, -2/121 HPs)
             Began as a Deep Dwarf Fighter on Mar 2, 2020.
             Was an Elder of Makhleb.
             Slain by an entropy weaver (3 damage)
             ... on level 6 of the Lair of Beasts.
             The game lasted 00:09:47 (11485 turns).

Flugslaktarn the Demolition Dwarf (DDFi)           Turns: 11485, Time: 00:09:47

Health: -2/121     AC: -6    Str: 24    XL:     13   Next: 65%
Magic:  6/6        EV:  7    Int: 10    God:    Makhleb [****..]
Gold:   915        SH: 14    Dex: 12    Spells: 12/12 levels left

rFire    + . .     SeeInvis .   N - +1 war axe (freeze)
rCold    + . .     Gourm    .   p - +2 kite shield
rNeg     . . .     Faith    .   n - +0 chain mail
rPois    +         Spirit   .   P - +1 hat
rElec    .         Reflect  .   L - +0 cloak
rCorr    .         Harm     .   K - +0 pair of gloves "Ibbickutz" {rPois rC+ MR-}
MR       .....     Clarity  +   (no boots)
Stlth    ..........             (no amulet)
HPRegen  0.00/turn              f - ring of protection from fire
MPRegen  0.10/turn              o - ring of poison resistance

@: corroded, non-regenerating
A: damage resistance, heal wounds, horns 1, thin metallic scales 1, clarity,
mutation resistance 1, sense surroundings 2, no regeneration
a: Heal Wounds, Minor Destruction, Lesser Servant of Makhleb, Major Destruction,
Renounce Religion


You were on level 6 of the Lair of Beasts.
You worshipped Makhleb.
Makhleb was greatly pleased with you.
You were very hungry.

You visited 3 branches of the dungeon, and saw 16 of its levels.

You collected 915 gold pieces.

Inventory:

Hand Weapons
 a - a +1 war axe
 J - a +0 hand axe of freezing
   (You found it on level 4 of the Dungeon)
 N - a +1 war axe of freezing (weapon)
   (You found it on level 1 of the Lair of Beasts)
Missiles
 G - a throwing net (quivered)
Armour
 b - a +0 scale mail
 c - a +0 kite shield
 n - a +0 chain mail (worn)
   (You found it on level 4 of the Dungeon)
 p - a +2 kite shield (worn)
   (You took it off an orc warrior on level 6 of the Dungeon)
 F - a +1 helmet of see invisible
   (You found it on level 1 of the Lair of Beasts)
 K - the +0 pair of gloves "Ibbickutz" (worn) {rPois rC+ MR-}
   (You found it on level 2 of the Lair of Beasts)

   It protects you from cold.
   It protects you from poison.
   It affects your resistance to hostile enchantments.
   If you remove this armour, your AC will decrease by 1 (-6 -> -7).
 L - a +0 cloak (worn)
   (You took it off Crazy Yiuf on level 3 of the Dungeon)
 M - a +0 helmet
   (You found it on level 1 of the Lair of Beasts)
 P - a +1 hat (worn)
   (You found it on level 5 of the Lair of Beasts)
Jewellery
 f - a ring of protection from fire (left hand)
   (You found it on level 7 of the Dungeon)
 g - an uncursed ring of flight
   (You found it on level 2 of the Lair of Beasts)
 o - a ring of poison resistance (right hand)
   (You found it on level 6 of the Dungeon)
 A - a +3 ring of dexterity
   (You found it on level 6 of the Dungeon)
Wands
 l - a wand of clouds (2)
   (You found it on level 2 of the Dungeon)
 B - a wand of enslavement (17)
   (You found it on level 6 of the Dungeon)
 I - a wand of paralysis (10)
   (You found it on level 9 of the Dungeon)
 S - a wand of acid (1)
   (You found it on level 5 of the Lair of Beasts)
 T - a wand of iceblast (8)
   (You found it on level 6 of the Lair of Beasts)
Scrolls
 k - a scroll of fog
 r - 2 scrolls of identify
 t - 3 scrolls of teleportation
 u - 3 scrolls of enchant weapon
 x - 5 scrolls of remove curse
 z - 2 scrolls of blinking
 E - 2 scrolls of immolation
Potions
 d - 2 potions of might
 h - 2 potions of stabbing
 i - 2 potions of magic
 j - 2 potions of lignification
 m - 4 potions of mutation
 q - 3 potions of curing
 s - 3 potions of cancellation
 v - a potion of berserk rage
 w - 2 potions of heal wounds
 y - a potion of flight
 C - a potion of invisibility
 D - a potion of brilliance
 H - a potion of haste
 R - 2 potions of ambrosia
Comestibles
 e - 40 rations


   Skills:
 * Level 9.5 Fighting
 * Level 13.7 Axes
 + Level 10.6 Armour
 + Level 10.5 Shields
 - Level 15.0 Invocations


You had 12 spell levels left.
You didn't know any spells.
Your spell library was empty.

Dungeon Overview and Level Annotations

Branches:
Dungeon (9/15)             Temple (1/1) D:6            Lair (6/6) D:9
  Swamp (0/4) Lair:4        Snake (0/4) Lair:3        Slime (0/5) Lair:6
    Orc: D:9-12

Altars:
Ashenzari
Cheibriados
Dithmenos
Elyvilon
Fedhas
Gozag
Hepliaklqana
Kikubaaqudgha
Makhleb
Nemelex Xobeh
Okawaru
Qazlal
Ru
Sif Muna
Trog
Uskayaw
Vehumet
Wu Jian
Xom
Yredelemnul
Zin
The Shining One

Shops:
D:9 [

Annotations:
D:4 2 transporters, kae's ghost, amateur DsEn
Lair:3 3 runed translucent doors, Suidam's ghost, journeyman MiBe
Lair:4 exclusion: 2 oklob plants


Innate Abilities, Weirdness & Mutations

You are resistant to damage.
You can heal yourself by infusing magical energy.
You passively map the area around you.
You do not regenerate.
You have a pair of small horns on your head.
You are partially covered in thin metallic scales. (AC +2)
You possess an exceptional clarity of mind.
You are somewhat resistant to further mutation.


Message History

The entropy weaver is heavily wounded.
You block the entropy weaver's attack. The entropy weaver hits you!
* * * LOW HITPOINT WARNING * * *
The entropy weaver completely misses you.
The entropy weaver closely misses you.
You hit the entropy weaver but do no damage.
The entropy weaver is heavily wounded.
The entropy weaver hits you!
* * * LOW HITPOINT WARNING * * *
You block the entropy weaver's attack. x2; The entropy weaver hits you!
* * * LOW HITPOINT WARNING * * *
The entropy weaver hits you!
* * * LOW HITPOINT WARNING * * *
The entropy weaver hits you!
* * * LOW HITPOINT WARNING * * *
You block the entropy weaver's attack. The entropy weaver hits you.
You slice the entropy weaver!! You freeze the entropy weaver!
The entropy weaver is severely wounded.
You block the entropy weaver's attack. x2; The entropy weaver hits you!
You die...

..P.##.....
,##............../...
...P# #.... *
#..................
...#* #....
#†...........#..... ,
##...
##=....#....##.#....
, #..).
#.....#.......##P...
,
#....P###.?...###...
* #....## #######
#... , *#..### , ###.
* , ,* #.#@# , , , ,
, ## , ,, #aa## , ,,
, * ,, #†#†a...# ,, *
* , * ##.aa..#..*,,,
,, *, #a.....# ,, * ,
, , *, ,..$.#.) * , ,
*,, , , *....... ,, *
, ,, ,##....# * * ,
,, *, .#...,,


You could see an entropy weaver and a soldier ant.

Vanquished Creatures
  An entropy weaver (Lair:6)
  Nessos (Lair:6)
  3 hydras
  A catoblepas (Lair:6)
  5 death yaks (Lair:5)
  A queen ant (Lair:6)
  Sonja (Lair:2)
  3 black mambas
  3 elephants (Lair:4)
  10 spiny frogs
  5 rime drakes
  9 komodo dragons
  6 polar bears
  3 hippogriffs
  27 blink frogs
  2 bog bodies (Lair:4)
  32 yaks
  2 wyverns (Lair:5)
  Eustachio (D:6)
  3 basilisks
  2 hungry ghosts
  3 nagas (Lair:3)
  16 soldier ants (Lair:6)
  10 water moccasins
  2 swamp worms (Lair:4)
  9 porcupines
  3 black bears
  An eye of draining (D:9)
  7 orc warriors
  A phantom (D:5)
  4 wolves (Lair:6)
  2 ogres
  A centaur (D:7)
  7 crocodiles
  A big kobold (D:9)
  10 bullfrogs
  2 scorpions (D:5)
  2 wights (D:6)
  An electric eel (Lair:4)
  A howler monkey (D:6)
  A centaur zombie (D:8)
  A quasit (D:7)
  Crazy Yiuf (D:3)
  A centaur skeleton (D:5)
  3 hounds
  A jelly (D:7)
  2 orc priests (D:7)
  5 orc wizards
  Natasha (twice) (D:2)
  2 iguanas
  16 worker ants
  7 adders
  A howler monkey skeleton (D:9)
  A shadow imp (D:5)
  An ooze (D:2)
  2 adder skeletons
  4 worms
  2 dart slugs
  10 leopard geckos
  49 orcs
  6 giant cockroaches
  9 goblins
  5 hobgoblins
  6 jackals
  4 quokkas
  A ball python (D:3)
  3 bats
  4 frilled lizards
  2 kobolds
  A leopard gecko zombie (D:6)
  A quokka zombie (D:5)
  5 rats
  4 fungi
  A plant (Lair:6)
368 creatures vanquished.

Vanquished Creatures (others)
  7 fungi
  13 plants
20 creatures vanquished.

Grand Total: 388 creatures vanquished

Notes
Turn   | Place    | Note
-------+----------+-------------------------------------------
     0 | D:1      | Flugslaktarn the Deep Dwarf Fighter began the quest for the
                  | Orb.
     0 | D:1      | Reached XP level 1. HP: 20/20 MP: 1/1
    66 | D:2      | Found a shimmering altar of Xom.
    85 | D:2      | Reached XP level 2. HP: 16/27 MP: 2/2
   139 | D:2      | Noticed Natasha
   143 | D:2      | Killed Natasha
   143 | D:2      | Reached XP level 3. HP: 21/34 MP: 3/3
   319 | D:4      | Found a glowing silver altar of Zin.
   385 | D:4      | Found a transporter.
   385 | D:4      | Noticed kae's ghost (amateur DsEn)
   385 | D:4      | Noticed an ogre
   385 | D:4      | Identified the +8 great mace of Rypuyg Vott {pain, MP+9}
   385 | D:4      | Noticed an ogre
   437 | D:4      | Found a transporter.
   437 | D:4      | Noticed an ogre
   480 | D:4      | Reached XP level 4. HP: 40/42 MP: 4/4
   730 | D:4      | Found a snail-covered altar of Cheibriados.
   743 | D:4      | Reached XP level 5. HP: 36/49 MP: 5/5
   925 | D:5      | Entered Level 5 of the Dungeon
  1132 | D:5      | Noticed a phantom
  1207 | D:5      | Killed a phantom
  1207 | D:5      | Reached XP level 6. HP: 51/57 MP: 6/6
  1256 | D:5      | Reached skill level 5 in Axes
  1485 | D:5      | Found a stormy altar of Qazlal.
  1679 | D:5      | Found a sparkling altar of Nemelex Xobeh.
  2189 | D:6      | Reached XP level 7. HP: 41/64 MP: 7/7
  2261 | D:6      | Reached skill level 5 in Shields
  2289 | D:6      | Found a staircase to the Ecumenical Temple.
  2329 | Temple   | Entered the Ecumenical Temple
  2546 | D:6      | Reached skill level 5 in Armour
  2612 | D:6      | Noticed Eustachio
  2707 | D:6      | Killed Eustachio
  2707 | D:6      | Reached XP level 8. HP: 36/73 MP: 7/7
  2720 | D:6      | Found the +7 Singing Sword {vorpal, sonic wave}
  3036 | D:7      | Noticed a hippogriff
  3056 | D:7      | Killed a hippogriff
  3134 | D:7      | Reached skill level 5 in Fighting
  3276 | D:7      | Gained mutation: You passively map the area around you.
                  | [Deep Dwarf growth]
  3276 | D:7      | Reached XP level 9. HP: 52/81 MP: 2/2
  3551 | D:8      | Found an iron altar of Okawaru.
  4349 | D:9      | Found a staircase to the Lair.
  4350 | D:9      | Noticed a komodo dragon
  4462 | D:9      | Found Baelitush's Antique Armour Shop.
  4674 | D:9      | Killed a komodo dragon
  4674 | D:9      | Reached skill level 10 in Axes
  4912 | D:3      | You fall into a shaft and drop 3 floors!
  5041 | D:3      | Found a runed translucent door.
  5042 | D:3      | Noticed Crazy Yiuf
  5137 | D:3      | Found a bloodstained altar of Trog.
  5273 | D:3      | Killed Crazy Yiuf
  5581 | D:2      | Found a burning altar of Makhleb.
  5588 | D:2      | Became a worshipper of Makhleb the Destroyer
  5661 | D:2      | Noticed Natasha
  5670 | D:2      | Killed Natasha
  5952 | Lair:1   | Entered Level 1 of the Lair of Beasts
  6004 | Lair:1   | Reached XP level 10. HP: 50/92 MP: 2/2
  6041 | Lair:1   | Reached skill level 1 in Invocations
  6186 | Lair:1   | Noticed a spiny frog
  6189 | Lair:1   | Noticed a spiny frog
  6200 | Lair:1   | Killed a spiny frog
  6200 | Lair:1   | Reached skill level 2 in Invocations
  6206 | Lair:1   | Killed a spiny frog
  6238 | Lair:1   | Reached skill level 3 in Invocations
  6313 | Lair:1   | Noticed a seven-headed hydra
  6322 | Lair:1   | Killed a seven-headed hydra
  6535 | Lair:1   | Noticed a spiny frog
  6548 | Lair:1   | Killed a spiny frog
  6548 | Lair:1   | Reached skill level 4 in Invocations
  6560 | Lair:1   | Gained mutation: You have a pair of small horns on your
                  | head. [potion of mutation]
  6560 | Lair:1   | Gained mutation: You are partially covered in thin metallic
                  | scales. (AC +2) [potion of mutation]
  6560 | Lair:1   | Gained mutation: You possess an exceptional clarity of
                  | mind. [potion of mutation]
  6560 | Lair:1   | Gained mutation: You are somewhat resistant to further
                  | mutation. [potion of mutation]
  6754 | Lair:1   | Reached XP level 11. HP: 40/100 MP: 4/4
  6763 | Lair:1   | Reached * piety under Makhleb
  6851 | Lair:1   | Noticed an eight-headed hydra
  6919 | Lair:1   | Killed an eight-headed hydra
  6919 | Lair:1   | Reached skill level 5 in Invocations
  7264 | Lair:2   | Noticed Sonja
  7597 | Lair:2   | Got a pair of bloodstained gloves
  7603 | Lair:2   | Identified the +0 pair of gloves "Ibbickutz" {rPois rC+
                  | MR-} (You found it on level 2 of the Lair of Beasts)
  7817 | Lair:2   | Reached skill level 6 in Invocations
  7878 | Lair:2   | Killed Sonja
  8223 | Lair:3   | Found a staircase to the Snake Pit.
  8279 | Lair:3   | Reached ** piety under Makhleb
  8303 | Lair:3   | Reached skill level 7 in Invocations
  8398 | Lair:3   | Found a runed translucent gate.
  8399 | Lair:3   | Found a runed translucent gate.
  8400 | Lair:3   | Found a runed translucent gate.
  8432 | Lair:3   | Noticed a minotaur
  8432 | Lair:3   | Noticed Suidam's ghost (journeyman MiBe)
  8510 | Lair:3   | Reached XP level 12. HP: 41/111 MP: 1/1
  8718 | Lair:4   | Reached skill level 8 in Invocations
  8810 | Lair:4   | Reached skill level 9 in Invocations
  8993 | Lair:4   | Reached skill level 10 in Invocations
  9049 | Lair:4   | Reached skill level 11 in Invocations
  9418 | Lair:4   | Found a staircase to the Swamp.
  9635 | Lair:5   | Reached skill level 12 in Invocations
  9646 | Lair:5   | Noticed a death yak
  9646 | Lair:5   | Noticed a death yak
  9649 | Lair:5   | Noticed a death yak
  9650 | Lair:5   | Noticed a four-headed hydra
  9653 | Lair:5   | Noticed a death yak
  9661 | Lair:5   | Killed a death yak
  9661 | Lair:5   | Killed a four-headed hydra
  9661 | Lair:5   | Reached skill level 13 in Invocations
  9661 | Lair:5   | Killed a death yak
  9662 | Lair:5   | Killed a death yak
  9662 | Lair:5   | Reached skill level 14 in Invocations
  9667 | Lair:5   | Reached *** piety under Makhleb
  9681 | Lair:5   | Noticed a death yak
  9687 | Lair:5   | Killed a death yak
  9707 | Lair:5   | Killed a death yak
  9707 | Lair:5   | Reached XP level 13. HP: 51/117 MP: 5/7
  9917 | Lair:5   | Reached skill level 15 in Invocations
 10117 | Lair:5   | Reached skill level 10 in Armour
 10666 | Lair:5   | Reached skill level 10 in Shields
 10701 | Lair:6   | Entered Level 6 of the Lair of Beasts
 10732 | Lair:6   | Noticed Nessos
 10748 | Lair:6   | Killed Nessos
 10778 | Lair:6   | Found a staircase to the Slime Pits.
 10897 | Lair:6   | Noticed an entropy weaver
 10905 | Lair:6   | Noticed an entropy weaver
 11085 | Lair:6   | Reached **** piety under Makhleb
 11250 | Lair:6   | Killed an entropy weaver
 11484 | Lair:6   | HP: 1/121 [entropy weaver (9)]
 11485 | Lair:6   | Slain by an entropy weaver

Levels and vault maps discovered:
D:1:      erik_arrival_orb_chamber, layout_loops_ring, serial_forest,
          infiniplex_forest_end_2, infiniplex_forest_straight_3,
          infiniplex_forest_lined_3_way, infiniplex_forest_straight_2,
          infiniplex_forest_clump_curved, infiniplex_forest_end_double,
          evilmike_ruin_ashenzari
D:2:      layout_basic, xom_teletrap_fun, makhleb_heckhound_becter,
          minmay_pentomino_r4, uniq_natasha
D:3:      layout_rooms, first_ration, trog_butcher_becter,
          uniq_crazy_yiuf_cottage
D:4:      layout_loops_ring, lemuel_round_altar, zin_academy,
          gammafunk_ghost_smash, serial_bayou_pond_a
D:5:      layout_layer_cave, lemuel_crystal_altar, kennysheep_path_1,
          grunt_decor_one_mirror, grunt_qazlal_clouds
D:6:      layout_cave_pools, minmay_temple_entry_crystal_x, serial_rivers,
          chequers_serial_rivers_large_b, chequers_serial_rivers_micro_e,
          chequers_serial_rivers_micro_e, chequers_serial_rivers_micro_d,
          sword_in_stone, uniq_eustachio
D:7:      layout_rooms
D:8:      layout_loops_cross, lemuel_doored_altar
D:9:      layout_rooms, david_lair_shrubbed, serial_shops,
          nicolae_shop_statue_plus, blue_anna_alchemist [blue_anna_fruit_fields,
          blue_anna_fruit_fields]
Temple:   nicolae_temple_elliptical
Lair:1:   layout_long_grid, hangedman_lair_generics_rect
Lair:2:   layout_roguey, st_stairs_6, grunt_megastairs_3, uniq_sonja
Lair:3:   layout_chaotic_city, minmay_snake_entry_guardpost_small,
          maelrawn_ghost_gauntlet_escape
Lair:4:   minmay_lair_oklob_tunnel, layout_regular_city,
          nicolae_swamp_entry_splash_gauntlet
Lair:5:   layout_layer_cave, cheibrodos_lair_lostbears
Lair:6:   evilmike_catoblepas_cave, layout_long_grid, slime_dummy, zaba_anthell,
          grunt_megastairs_1, uniq_nessos

Skill      XL: |  1  2  3  4  5  6  7  8  9 10 11 12 13 |
---------------+----------------------------------------+-----
Fighting       | 3 4 5 6 7 8 9 |  9.5
Axes           | 3 4 5 6 8 10 11 12 13 | 13.7
Armour         | 4 5 6 7 8 9 10 | 10.6
Shields        | 4 5 6 7 8 9 10 | 10.5
Invocations    | 4 7 14 15 | 15.0

Action                   |  1- 3 |  4- 6 |  7- 9 | 10-12 | 13-15 || total
-------------------------+-------+-------+-------+-------+-------++-------
Melee: War axe           |    54 |   137 |   549 |   520 |   386 ||  1646
       Hand axe          |       |    33 |       |       |       ||    33
       Headbutt          |       |       |       |    96 |   105 ||   201
 Abil: Heal Wounds       |     3 |     2 |    38 |    41 |    10 ||    94
Evoke: Wand              |       |       |       |    12 |     7 ||    19
  Use: Scroll            |       |       |    18 |     7 |     3 ||    28
       Potion            |       |       |       |     3 |     2 ||     5
 Stab: Paralysed         |       |       |       |     3 |     7 ||    10
       Confused          |       |       |       |     1 |       ||     1
       Petrified         |       |       |       |       |     7 ||     7
       Petrifying        |       |       |       |       |     5 ||     5
  Eat: Chunk             |       |     3 |    16 |     6 |     6 ||    31
       Ration            |       |     1 |     3 |     1 |       ||     5
Armor: Scale mail        |    13 |       |       |       |       ||    13
       Chain mail        |     6 |   100 |   360 |   249 |   131 ||   846
Dodge: Dodged            |    14 |    43 |   160 |   134 |    76 ||   427
Block: Kite shield       |    28 |    91 |   456 |   368 |   237 ||  1180

Table legend:
 A = Non-vault XP
 B = Vault XP
 C = Vault XP percentage of total XP
 D = Non-vault monster count
 E = Vault monster count
 F = Vault count percentage of total count
                 A         B        C        D         E       F
            +---------+---------+-------+---------+---------+-------
      Total |   39459 |   15763 |  28.5 |     287 |      76 |  20.9
            +---------+---------+-------+---------+---------+-------
        D:1 |       3 |       0 |   0.0 |       2 |       0 |   0.0
        D:2 |      94 |      80 |  46.0 |      19 |       4 |  17.4
        D:3 |      71 |      51 |  41.8 |      30 |       5 |  14.3
        D:4 |     152 |       0 |   0.0 |      11 |       0 |   0.0
        D:5 |     456 |       0 |   0.0 |      20 |       0 |   0.0
        D:6 |     286 |     705 |  71.1 |      26 |       6 |  18.8
        D:7 |    1382 |       0 |   0.0 |      24 |       0 |   0.0
        D:8 |     840 |       0 |   0.0 |      19 |       0 |   0.0
        D:9 |     725 |     450 |  38.3 |      11 |       2 |  15.4
     Lair:1 |    5524 |    2060 |  27.2 |      20 |       7 |  25.9
     Lair:2 |    1995 |    2192 |  52.4 |       8 |       9 |  52.9
     Lair:3 |    4975 |     495 |   9.0 |      18 |       3 |  14.3
     Lair:4 |    5753 |     904 |  13.6 |      21 |       5 |  19.2
     Lair:5 |   12284 |     895 |   6.8 |      36 |       3 |   7.7
     Lair:6 |    4919 |    7931 |  61.7 |      22 |      32 |  59.3
            +---------+---------+-------+---------+---------+-------
